 Dungeon Crawl Stone Soup version 0.30.1 (webtiles) character file.

Game seed: 9403317074388831901

721 cdecastro the Magician (level 8, -6/58 HPs)
             Began as a Djinni Ice Elementalist on July 7, 2023.
             Was an Initiate of Ashenzari.
             Mangled by an ogre
             ... wielding a +0 giant spiked club
              (25 damage)
             ... on level 5 of the Dungeon on July 8, 2023.
             The game lasted 00:11:29 (4942 turns).

cdecastro the Magician (Djinni Ice Elementalist)    Turns: 4942, Time: 00:11:30

Health: -6/58      AC: 12    Str:  7    XL:     8   Next: 2%
Gold:   244        EV: 12    Int: 20    God:    Ashenzari [......] SH:  0 Dex: 13

rFire   + + +        g - +0 short sword (vamp)
rCold   x . .        (no shield)
rNeg    . . .        i - +2 robe {rF+}
rPois   ∞            (no helmet)
rElec   .            (no cloak)
rCorr   .            h - +0 pair of gloves
SInv    .            (boots unavailable)
Will    .....        (no amulet)
Stlth   ++           (no ring)
HPRegen 0.29/turn    (no ring)
MPRegen 0.00/turn

%: infuse magic (-7 HP)
@: ice-armoured, freezing walls, flying
A: sickness immunity, fire resistance 2, cold vulnerability 1, float, innate
caster, HP casting, extra vitality 1
a: Renounce Religion


You were on level 5 of the Dungeon.
You worshipped Ashenzari.
Ashenzari was noncommittal.
You visited 2 branches of the dungeon, and saw 6 of its levels.

You collected 244 gold pieces.

Inventory:

Hand Weapons
 b - a +0 dagger
 g - a +0 vampiric short sword (weapon)
 o - a +2 whip of holy wrath
 w - a +1 hand axe of electrocution
Missiles
 p - 5 poisoned darts
Armour
 a - a +0 robe
 h - a +0 pair of gloves (worn)
 i - a +2 robe of fire resistance (worn)
 q - the +0 helmet of Gaowiova {rF++ Regen+ rCorr Str-3}
   (You took it off Robin on level 2 of the Dungeon)

   Str:       It affects your strength (-3).
   rF:        It greatly protects you from fire.
   Regen:     It increases your rate of health regeneration.
   rCorr:     It protects you from acid and corrosion.
Scrolls
 c - 3 scrolls of magic mapping {unknown}
 d - a scroll of fog {unknown}
 e - a scroll of enchant weapon {unknown}
 f - 2 scrolls of poison {unknown}
 j - 4 scrolls of vulnerability {unknown}
 l - 5 scrolls of immolation {unknown}
 m - 2 scrolls of noise {unknown}
 r - 2 scrolls of amnesia {unknown}
 s - 3 scrolls of enchant armour {unknown}
 t - 2 scrolls of identify {unknown}
 x - a scroll of blinking {unknown}
 y - a scroll of summoning {unknown}
 z - a scroll of torment {unknown}
 A - a scroll of acquirement {unknown}
 B - a scroll of teleportation {unknown}
Potions
 k - a potion of invisibility {unknown}
 n - a potion of berserk rage {unknown}
 u - a potion of resistance {unknown}
 v - a potion of curing {unknown}


   Skills:
 + Level 4.4 Fighting
 - Level 2.1 Dodging
 - Level 1.5 Stealth
 * Level 6.1 Spellcasting


You knew the following spells:

 Your Spells              Type           Power      Damage    Failure   Level
a - Freeze                Ice            100%       1d10      1%          1
b - Frozen Ramparts       Ice            60%        1d10      2%          3
c - Ozocubu's Armour      Ice            30%        N/A       2%          3
d - Summon Ice Beast      Ice/Summ       30%        N/A       9%          4
e - Kiss of Death         Conj/Necr      100%       2d13      1%          1
f - Searing Ray           Conj           60%        2d6       1%          2
g - Portal Projectile     Hex/Tloc       60%        N/A       2%          3
Your spell library was empty.

Dungeon Overview and Level Annotations

Branches:
Dungeon (5/15)             Temple (1/1) D:4

Altars:
Ashenzari
Cheibriados
Dithmenos
Elyvilon
Fedhas
Gozag
Hepliaklqana
Okawaru
Qazlal
Ru
Trog
Wu Jian
Xom
Yredelemnul
Zin

Annotations:
D:4 1 runed translucent door, Crazy Yiuf, Edmund


Innate Abilities, Weirdness & Mutations

You are immune to sickness and miasma.
You are immune to poison.
Your flesh is very heat resistant. (rF++)
You are vulnerable to cold. (rC-)
You float through the air rather than walking.
You learn spells naturally, not from books.
Your magical power is your life essence.
You have superior vitality. (+4 MHP)


Message History

Unknown command.
An ogre comes into view. It is wielding a +0 giant spiked club.
The ogre shouts!
An ogre is nearby!
An ogre is nearby!
Casting: Searing Ray (safe; 1% risk of failure)
Confirm with . or Enter, or press ? or * to list all spells.
Casting: Frozen Ramparts (dangerous; 2% risk of failure)
Press: ? - help, Dir - look around, f - activate The walls around you are covered in ice.
The wall freezes the ogre but does no damage.
Unknown command.
Unknown command.
Casting: Frozen Ramparts (dangerous; 2% risk of failure)
Confirm with . or Enter, or press ? or * to list all spells.
A film of ice covers your body!
The wall freezes the ogre!
The ogre hits you with a +0 giant spiked club!
Unknown command.
Unknown command.
Unknown command.
Casting: Ozocubu's Armour (dangerous; 2% risk of failure)
Confirm with . or Enter, or press ? or * to list all spells.
Aiming: Searing Ray (safe; 1% risk of failure)
Press: ? - help, Shift-Dir - straight line, f - ogre
Aim: an ogre, wielding a +0 giant spiked club (moderately wounded, 90% to hit)
The searing ray hits the ogre.
The ogre is moderately wounded. (Press . to maintain the ray.) Unknown command.
The searing ray hits the ogre!
The ogre is severely wounded.
The wall freezes the ogre.
The ogre hits you with a +0 giant spiked club!!
* * * LOW HITPOINT WARNING * * *
The searing ray hits the ogre.
The ogre is almost dead.
* * * LOW HITPOINT WARNING * * *
The wall freezes the ogre but does no damage.
The ogre hits you with a +0 giant spiked club!!
You die...

##.### #....#
#....#######
#....#.....#
######....#.....+
#.......###.....
####.......#. ...
...........#)###O#
.............><#@#####
...........#...#.....#
...........##..#.....#
....######.#...#.#...#
##### .#...#.######
########
.#............
........ ##.##########
.###### #.....#
.....## #.###.#


You could see an ogre.

Vanquished Creatures
  2 black bears (D:5)
  A scorpion (D:5)
  2 orc priests
  A hound (D:4)
  A gnoll bouda (D:5)
  An iguana (D:4)
  2 orc wizards
  Robin (D:2)
  8 gnolls (D:5)
  7 adders
  A worm (D:2)
  4 dart slugs
  15 orcs
  5 ball pythons
  5 bats
  11 endoplasms
  2 giant cockroaches
  13 goblins
  10 hobgoblins
  3 jackals (D:1)
  7 quokkas
  8 frilled lizards
  9 kobolds
  3 rats
122 creatures vanquished.

Notes
Turn   | Place    | Note
-------+----------+-------------------------------------------
     0 | D:1      | cdecastro the Djinni Ice Elementalist began the quest for
                  | the Orb.
     0 | D:1      | cdecastro set off with the following spells memorised:
                  | Freeze, Frozen Ramparts, Ozocubu's Armour, Summon Ice
                  | Beast.
     0 | D:1      | Reached XP level 1. HP: 15/15 MP: 0/0
   186 | D:1      | Reached XP level 2. HP: 21/22 MP: 0/0
   292 | D:1      | Reached skill level 1 in Fighting
   415 | D:1      | Reached XP level 3. HP: 21/27 MP: 0/0
   415 | D:1      | Learned a level 1 spell: Kiss of Death
  1186 | D:2      | Reached XP level 4. HP: 28/32 MP: 0/0
  1221 | D:2      | Reached skill level 4 in Spellcasting
  1229 | D:2      | Identified the +0 helmet of Gaowiova {rF++ Regen+ rCorr
                  | Str-3}
  1229 | D:2      | Noticed Robin
  2015 | D:2      | Killed Robin
  2362 | D:3      | Found a faded altar of an unknown god.
  2370 | D:3      | Reached XP level 5. HP: 37/38 MP: 0/0
  2370 | D:3      | Learned a level 2 spell: Searing Ray
  3072 | D:4      | Reached XP level 6. HP: 39/45 MP: 0/0
  3248 | D:4      | Noticed Edmund
  3465 | D:4      | Found an iron altar of Okawaru.
  3525 | D:4      | Reached skill level 5 in Spellcasting
  3953 | D:4      | Found a staircase to the Ecumenical Temple.
  4032 | D:4      | Found a runed translucent door.
  4033 | D:4      | Noticed Crazy Yiuf
  4080 | Temple   | Entered the Ecumenical Temple
  4150 | Temple   | Became a worshipper of Ashenzari the Shackled
  4409 | D:5      | Entered Level 5 of the Dungeon
  4454 | D:5      | Reached XP level 7. HP: 48/50 MP: 0/0
  4454 | D:5      | Learned a level 3 spell: Portal Projectile
  4877 | D:5      | Reached skill level 6 in Spellcasting
  4877 | D:5      | Reached XP level 8. HP: 46/58 MP: 0/0
  4942 | D:5      | Mangled by an ogre

Illustrated notes

Levels and vault maps discovered:
D:1:      lemuel_arrival_broad_hall, layout_loops_ring
D:2:      layout_loops_ring, serial_forest, infiniplex_forest_lined_3_way,
          infiniplex_forest_lined_4_way, infiniplex_forest_split,
          infiniplex_forest_zigzag_2, infiniplex_forest_clump_curved,
          infiniplex_forest_clump_diagonal, infiniplex_forest_clump_medium,
          columned_hall_lemuel, uniq_robin
D:3:      layout_rooms, chequers_ecumenical_altar_island
D:4:      layout_cave_pools, mainiacjoe_overflow_six_doors_small,
          minmay_temple_entry_crystal_x, uniq_edmund, uniq_crazy_yiuf_cottage
D:5:      layout_basic
Temple:   nicolae_temple_bog_church

Skill      XL: |  1  2  3  4  5  6  7 |
---------------+----------------------+-----
Fighting       | 1 2 3 4 |  4.4
Spellcasting   | 4 5 6 |  6.1
Dodging        | |  2.1
Stealth        | |  1.5

Action                     |  1- 3 |  4- 6 |  7- 9 || total
---------------------------+-------+-------+-------++-------
  Melee: Unarmed           |     1 |       |       ||     1
         Dagger            |     4 |       |       ||     4
         Short sword       |     8 |   320 |    17 ||   345
         Whip              |       |    37 |       ||    37
         Punch             |       |     3 |       ||     3
   Cast: Freeze            |    59 |    52 |       ||   111
         Frozen Ramparts   |       |    18 |     8 ||    26
         Ozocubu's Armour  |       |     3 |     4 ||     7
         Searing Ray       |       |     3 |     4 ||     7
   Stab: Sleeping          |     5 |     1 |       ||     6
 Armour: Robe              |    17 |    41 |     8 ||    66
  Dodge: Dodged            |    33 |   100 |     9 ||   142
